 Dungeon Crawl Stone Soup version 0.27-a0-1500-g450c7e4133 (webtiles) character file.

Game seed: 1717159185394651022

34 Lanoc the Chiller (level 3, -2/24 HPs)
             Began as a Demonspawn Ice Elementalist on July 7, 2021.
             Was a Follower of Makhleb.
             Slain by Terence (4 damage)
             ... on level 2 of the Dungeon.
             The game lasted 00:02:24 (1598 turns).

Lanoc the Chiller (Demonspawn Ice Elementalist)     Turns: 1598, Time: 00:02:25

Health: -2/24      AC:  2    Str:  8    XL:     3   Next: 14%
Magic:  0/6        EV: 12    Int: 17    God:    Makhleb [*.....]
Gold:   40         SH:  0    Dex: 13    Spells: 2/6 levels left

rFire    . . .     SeeInvis .   (no weapon)
rCold    . . .     Faith    .   (no shield)
rNeg     . . .     Spirit   .   a - +0 robe
rPois    .         Reflect  .   (helmet restricted)
rElec    .         Harm     .   (no cloak)
rCorr    .         Rampage  .   (no gloves)
Will     .....                  (no boots)
Stlth    ++........             (no amulet)
HPRegen  0.08/turn              (no ring)
MPRegen  0.10/turn              (no ring)

@: weak-willed
A: horns 1
a: Renounce Religion


You were on level 2 of the Dungeon.
You worshipped Makhleb.
Makhleb was aware of your devotion.
You visited 1 branch of the dungeon, and saw 2 of its levels.

You collected 40 gold pieces.

Inventory:

Armour
 a - a +0 robe (worn)
Scrolls
 d - a scroll of noise {unknown}


   Skills:
 + Level 2.3 Dodging
 - Level 1.7 Stealth
 - Level 2.0 Spellcasting
 * Level 4.3 Ice Magic


You had 2 spell levels left.
You knew the following spells:

 Your Spells              Type           Power      Damage    Failure   Level
a - Freeze                Ice            64%        1d8       3%          1
b - Frozen Ramparts       Ice            32%        1d5       10%         3

Your spell library contained the following spells:

 Spells                   Type           Power      Damage    Failure   Level
 Ozocubu's Armour         Ice            16%        N/A       10%         3
 Hailstorm                Conj/Ice       9%         3d4       61%         4


Dungeon Overview and Level Annotations

Branches:
Dungeon (2/15)

Altars:
Makhleb

Annotations:
D:2 Terence


Innate Abilities, Weirdness & Mutations

You have a pair of small horns on your head.


Message History

Terence is moderately wounded.
The wall freezes the jackal.
You kill the jackal!
Makhleb accepts your kill.
The wall freezes the jackal.
You kill the jackal!
Makhleb accepts your kill.
The wall freezes the jackal.
Terence resists.
The wall freezes Terence.
Terence hits you with a +0 mace!
You closely miss Terence.
Terence is moderately wounded.
The wall freezes the jackal.
You kill the jackal!
Makhleb accepts your kill.
Terence resists.
The wall freezes Terence.
Terence hits you with a +0 mace.
Casting: Freeze (safe; 3% risk of failure)
Confirm with . or Enter, or press ? or * to list all spells.
Aiming: Freeze (safe; 3% risk of failure)
Press: ? - help, Shift-Dir - straight line, f/p - Terence
Aim: Terence, wielding a +0 mace and wearing a +0 scale mail (heavily wounded, unusually resistant)
You freeze Terence but do no damage.
Terence completely resists.
Terence resists.
The wall freezes Terence.
Terence hits you with a +0 mace.
Casting: Freeze (safe; 3% risk of failure)
Confirm with . or Enter, or press ? or * to list all spells.
Aiming: Freeze (safe; 3% risk of failure)
Press: ? - help, Shift-Dir - straight line, f/p - Terence
Aim: Terence, wielding a +0 mace and wearing a +0 scale mail (heavily wounded, unusually resistant)
You freeze Terence.
Terence resists.
Terence is severely wounded.
Terence resists.
The wall freezes Terence.
Terence hits you with a +0 mace.
You aren't carrying any potions.
As you read the scroll labelled MIRINN SEEG, it crumbles to dust.
Magic quickly surges around you.
It was a scroll of vulnerability.
The frozen ramparts melt away.
Terence hits you with a +0 mace.
* * * LOW HITPOINT WARNING * * *
As you read the scroll labelled XACEOT PARAL, it crumbles to dust.
The scroll dissolves into smoke.
It was a scroll of fog.
Terence shouts, "Get ready for death!"
Terence hits you with a +0 mace.
You die...

#.#.#### ..
#.#....# .r.#.
#.####.# #.##..
#.# ##.#####.....
#.# #............
#.# #.?.......#
.. #§
#...†....##...
#§###(....<.....#
#§@@§........###.
##§§§........<.#
#§####..#........
#.# #.##.......#
#.# ^..##....!..[
#.#.####.........
... .S.....## #..
........ ..
#######


You could see Terence (resistant, weak-willed).

Vanquished Creatures
  2 ball pythons (D:1)
  4 bats
  2 endoplasms (D:1)
  3 giant cockroaches
  2 goblins (D:1)
  2 hobgoblins (D:1)
  5 jackals
  A quokka (D:1)
  A frilled lizard (D:1)
  4 kobolds (D:1)
  2 rats (D:1)
28 creatures vanquished.

Notes
Turn   | Place    | Note
-------+----------+-------------------------------------------
     0 | D:1      | Lanoc the Demonspawn Ice Elementalist began the quest for
                  | the Orb.
     0 | D:1      | Reached XP level 1. HP: 13/13 MP: 3/3
    40 | D:1      | Noticed a golden eye
    44 | D:1      | Noticed an eye of devastation
    48 | D:1      | Found a faded altar of an unknown god.
    49 | D:1      | Noticed a great orb of eyes
    49 | D:1      | Noticed an eye of devastation
    57 | D:1      | Became a worshipper of Makhleb the Destroyer
    57 | D:1      | Reached * piety under Makhleb
   561 | D:1      | Gained mutation: You have a pair of small horns on your
                  | head. [demonic ancestry]
   561 | D:1      | Reached XP level 2. HP: 16/19 MP: 0/5
   696 | D:1      | Reached skill level 4 in Ice Magic
  1537 | D:2      | Reached XP level 3. HP: 24/24 MP: 4/6
  1541 | D:2      | Learned a level 3 spell: Frozen Ramparts
  1576 | D:2      | Noticed Terence
  1598 | D:2      | Slain by Terence

Illustrated notes

Levels and vault maps discovered:
D:1:      tarquinn_simple_flora_water_e, layout_loops_corners,
          hellmonk_ecumenical_altar_watching_god, kennysheep_small_spiral
D:2:      layout_rooms, uniq_terence, uniq_crazy_yiuf_cottage

Skill      XL: |  1  2 |
---------------+-------+-----
Dodging        | 2 |  2.3
Ice Magic      | 4 |  4.3
Stealth        | |  1.7
Spellcasting   | |  2.0

Action                   || total
-------------------------++-------
Melee: Unarmed           ||    28
       Headbutt          ||     3
 Cast: Freeze            ||    36
       Frozen Ramparts   ||     1
  Use: Scroll            ||     2
 Stab: Sleeping          ||     1
Armor: Robe              ||     8
Dodge: Dodged            ||    44

Table legend: (Time is in decaauts)
 A = Elapsed time spent in this place.
 B = Non-inter-level travel time spent in this place.
 C = Inter-level travel time spent in this place.
 D = Time resting spent in this place.
 E = Time spent auto-exploring this place.
 F = Levels seen in this place.
 G = Mean time per level.
                   A        B        C        D        E       F      G
               +--------+--------+--------+--------+--------+-----+--------+
         Total |   1597 |   1586 |     11 |      0 |   1385 |   2 |  798.5 |
       Dungeon |   1597 |   1586 |     11 |      0 |   1385 |   2 |  798.5 |
               +--------+--------+--------+--------+--------+-----+--------+

Top non-repeatable levels by time:
     D:1: 1509 daAuts
     D:2: 88 daAuts
